 Dungeon Crawl Stone Soup version 0.23.2-30-g0e89c35649 (webtiles) character file.

Game seed: 15697338661949854842

506 Mrkan the Cudgeler (level 7, -1/44 HPs)
             Began as a Gargoyle Monk on June 23, 2019.
             Was a Priest of the Shining One.
             Slain by an ice beast (11 damage)
             ... on level 5 of the Dungeon.
             The game lasted 00:05:26 (3325 turns).

Mrkan the Cudgeler (Gargoyle Monk)                  Turns: 3325, Time: 00:05:27

Health: -1/44      AC:  7    Str: 17    XL:     7   Next: 18%
Magic:  9/9        EV: 13    Int: 10    God:    the Shining One [***...]
Gold:   219        SH:  0    Dex: 18    Spells: 6/6 levels left

rFire    + . .     SeeInvis .   t - +1 whip (venom)
rCold    . . .     Gourm    .   (no shield)
rNeg     + + .     Faith    .   b - +0 robe
rPois    ∞         Spirit   .   x - +0 helmet
rElec    +         Reflect  .   (no cloak)
rCorr    .         Harm     .   (no gloves)
MR       .....                  (no boots)
Stlth    +.........             (no amulet)
HPRegen  0.14/turn              o - +6 ring of dexterity
MPRegen  0.11/turn              w - ring of protection from fire

@: glowing
A: negative energy resistance 1, electricity resistance, unbreathing,
petrification resistance, rot immunity, AC +4
a: Divine Shield, Renounce Religion


You were on level 5 of the Dungeon.
You worshipped the Shining One.
The Shining One was most pleased with you.
You were not hungry.

You visited 1 branch of the dungeon, and saw 5 of its levels.

You collected 219 gold pieces.

Inventory:

Hand Weapons
 a - a +0 mace
 t - a +1 whip of venom (weapon)
 B - a +0 dire flail
Armour
 b - a +0 robe (worn)
 x - a +0 helmet (worn)
Jewellery
 o - a +6 ring of dexterity (left hand)
 w - a ring of protection from fire (right hand)
 A - an uncursed ring of poison resistance {unknown}
Wands
 r - a wand of paralysis (8)
 s - a wand of polymorph (10)
Scrolls
 d - 5 scrolls of identify
 f - a scroll of enchant armour {unknown}
 g - 2 scrolls of enchant weapon {unknown}
 i - 2 scrolls of fog {unknown}
 j - 2 scrolls of random uselessness {unknown}
 m - a scroll of remove curse {unknown}
 p - a scroll of immolation {unknown}
 u - 2 scrolls of amnesia {unknown}
 y - a scroll of noise {unknown}
 C - a scroll of magic mapping {unknown}
Potions
 e - a potion of magic {unknown}
 h - 2 potions of lignification {unknown}
 k - a potion of haste {unknown}
 l - 2 potions of heal wounds {unknown}
 n - 5 potions of curing
 q - a potion of berserk rage {unknown}
 v - a potion of cancellation {unknown}
 z - a potion of flight {unknown}
Comestibles
 c - 10 rations


   Skills:
 + Level 5.3 Fighting
 * Level 6.1 Maces & Flails
 - Level 2.4 Dodging
 - Level 2.1 Stealth
 + Level 3.3 Invocations


You had 6 spell levels left.
You didn't know any spells.
Your spell library was empty.

Dungeon Overview and Level Annotations

Branches:
Dungeon (5/15)             Temple (0/1) D:4

Altars:
Elyvilon
Fedhas
Ru
Sif Muna
Uskayaw
The Shining One


Innate Abilities, Weirdness & Mutations

You are resistant to torment.
Your stone body is resilient. (AC +4)
You are immune to poison.
You resist negative energy. (rN+)
You are resistant to electric shocks. (rElec)
You can survive without breathing.
You are immune to petrification.
You are immune to rotting.


Message History

The ice beast is lightly wounded.
The ice beast hits you but does no damage.
You hit the ice beast.
The ice beast is moderately wounded.
The ice beast barely misses you.
You barely miss the ice beast.
The ice beast is moderately wounded.
You hit the ice beast.
The ice beast is heavily wounded.
The ice beast misses you.
You hit the ice beast but do no damage.
The ice beast looks even sicker.
The ice beast is heavily wounded.
The ice beast hits you. The ice beast freezes you!
* * * LOW HITPOINT WARNING * * *
You hit the ice beast.
The ice beast is severely wounded.
The ice beast hits you.
* * * LOW HITPOINT WARNING * * *
The ice beast freezes you!
You die...

###### ###....###
##........
#........#
#.......# #......#
# ###....# ####...
#...<.####.......
.....###....@Y...#
... ##....##### .
##..## #..# ##.#
#.. #..# ##.# ..


You could see an ice beast.

Vanquished Creatures
  A sky beast (D:4)
  An ogre (D:4)
  A howler monkey (D:4)
  2 orc priests (D:4)
  Terence (D:3)
  2 worker ants (D:4)
  An iguana (D:4)
  An orc wizard (D:3)
  2 adders
  An ooze (D:1)
  2 worms (D:2)
  2 dart slugs
  4 leopard geckos
  10 orcs
  8 bats
  4 giant cockroaches
  7 goblins
  4 hobgoblins (D:3)
  2 jackals (D:4)
  12 kobolds
  A quokka (D:3)
  2 ball pythons
  4 frilled lizards
  7 rats
82 creatures vanquished.

Notes
Turn   | Place    | Note
-------+----------+-------------------------------------------
     0 | D:1      | Mrkan the Gargoyle Monk began the quest for the Orb.
     0 | D:1      | Reached XP level 1. HP: 14/14 MP: 1/1
    24 | D:1      | Reached XP level 2. HP: 9/19 MP: 2/2
   866 | D:2      | Reached XP level 3. HP: 8/24 MP: 3/3
   967 | D:2      | Found a deep blue altar of Sif Muna.
   969 | D:2      | Found a glowing golden altar of the Shining One.
   974 | D:2      | Became a worshipper of the Shining One
   974 | D:2      | Reached * piety under the Shining One
   974 | D:2      | Reached ** piety under the Shining One
  1067 | D:2      | Found a blossoming altar of Fedhas.
  1073 | D:2      | Reached skill level 4 in Maces & Flails
  1709 | D:3      | Reached XP level 4. HP: 29/29 MP: 4/4
  1722 | D:3      | Noticed Terence
  1735 | D:3      | Killed Terence
  1735 | D:3      | Reached skill level 1 in Invocations
  2028 | D:3      | Reached XP level 5. HP: 22/33 MP: 4/6
  2345 | D:3      | Found a hide-covered altar of Uskayaw.
  2345 | D:3      | Noticed a +0 dagger
  2345 | D:3      | Noticed a +0 dagger
  2493 | D:3      | Found a sacrificial altar of Ru.
  2555 | D:3      | Found a white marble altar of Elyvilon.
  2732 | D:4      | Reached skill level 5 in Maces & Flails
  2739 | D:4      | Reached XP level 6. HP: 25/39 MP: 7/7
  2743 | D:4      | Noticed a sky beast
  2756 | D:4      | Killed a sky beast
  2758 | D:4      | Reached *** piety under the Shining One
  2758 | D:4      | Reached skill level 5 in Fighting
  2876 | D:4      | Found a staircase to the Ecumenical Temple.
  3272 | D:4      | Reached skill level 6 in Maces & Flails
  3272 | D:4      | Reached XP level 7. HP: 44/44 MP: 9/9
  3308 | D:5      | Entered Level 5 of the Dungeon
  3325 | D:5      | Slain by an ice beast

Skill      XL: |  1  2  3  4  5  6 |
---------------+-------------------+-----
Maces & Flails | 4 5 6 |  6.1
Fighting       | 4 5 |  5.3
Invocations    | 1 2 3 |  3.3
Dodging        | |  2.4
Stealth        | |  2.1

Action                   |  1- 3 |  4- 6 |  7- 9 || total
-------------------------+-------+-------+-------++-------
Melee: Mace              |   118 |    47 |       ||   165
       Whip              |       |    74 |     9 ||    83
  Use: Scroll            |     2 |       |       ||     2
 Stab: Sleeping          |     5 |       |       ||     5
  Eat: Chunk             |     3 |     5 |       ||     8
Armor: Robe              |    52 |    48 |     2 ||   102
Dodge: Dodged            |    96 |   129 |     2 ||   227
